 Dungeon Crawl Stone Soup version 0.21.0-3-g78d12a8bdd (webtiles) character file.

168 NullDivider the Shooter (level 5, -3/45 HPs)
             Began as a Centaur Arcane Marksman on Jan 17, 2018.
             Slain by a gnoll
             ... wielding a +0 spear of flaming
              (8 damage)
             ... on level 3 of the Dungeon.
             The game lasted 00:12:25 (3078 turns).

NullDivider the Shooter (Centaur Arcane Marksman)   Turns: 3078, Time: 00:12:26

Health: -3/45      AC:  7    Str: 13    XL:     5   Next: 23%
Magic:  6/6        EV:  9    Int: 12    God:
Gold:   127        SH:  0    Dex: 10    Spells: 5/6 levels left

rFire    . . .     SeeInvis .   a - +0 shortbow
rCold    . . .     Gourm    .   (shield currently unavailable)
rNeg     . . .     Faith    .   e - +0 robe
rPois    .         Spirit   .   (no helmet)
rElec    .         Reflect  .   r - +2 cloak
rCorr    .         Harm     .   (no gloves)
MR       .....                  (no barding)
Stlth    +.........             (no amulet)
HPRegen  0.15/turn              (no ring)
MPRegen  0.10/turn              (no ring)

@: very quick
A: large, hooves 3, deformed body, speed 2, tough skin 3
a: no special abilities


You were on level 3 of the Dungeon.
You were hungry.

You visited 1 branch of the dungeon, and saw 3 of its levels.

You collected 127 gold pieces.

Inventory:

Hand Weapons
 a - a +0 shortbow (weapon)
Missiles
 d - 5 arrows (quivered)
Armour
 e - a +0 robe (worn)
 r - a +2 cloak (worn)
Scrolls
 b - 2 scrolls of teleportation {unknown}
 i - 2 scrolls of remove curse {unknown}
 l - 3 scrolls of amnesia {unknown}
 m - a scroll of identify {unknown}
 o - a scroll of fog {unknown}
 p - a scroll of fear {unknown}
 q - 2 scrolls of immolation {unknown}
 s - a scroll of magic mapping {unknown}
Potions
 g - a potion of haste {unknown}
 h - a potion of brilliance {unknown}
 j - 3 potions of degeneration {unknown}
 k - a potion of lignification {unknown}
 n - a potion of mutation {unknown}
 t - a potion of heal wounds {unknown}
Books
 c - a book of Debilitation

   Spells                             Type                      Level
   a - Corona                         Hexes                        1
   b - Slow                           Hexes                        2
   c - Inner Flame                    Hexes/Fire                   3
   d - Portal Projectile              Hexes/Translocation          3
   e - Cause Fear                     Hexes                        4
   f - Leda's Liquefaction            Hexes/Earth                  4
Comestibles
 f - 2 rations


   Skills:
 + Level 3.0 Fighting
 + Level 4.7 Bows
 - Level 1.3 Dodging
 + Level 2.6 Unarmed Combat
 - Level 1.0 Spellcasting
 - Level 2.6 Hexes


You had 5 spell levels left.
You knew the following spells:

 Your Spells              Type           Power        Failure   Level  Hunger
a - Corona                Hex            #......      10%         1    ##.....


Dungeon Overview and Level Annotations

Branches:
Dungeon (3/15)

Altars:
Nemelex Xobeh

Annotations:
D:3 Gunter174's ghost, amateur MiFi


Innate Abilities, Weirdness & Mutations

You have hooves in place of feet.
Armour fits poorly on your strangely shaped body.
You cover ground very quickly.
You have extremely tough skin. (AC +3)


Message History

The gnoll burns you.
The gnoll hits you with a spear of flaming.
The gnoll burns you. The gnoll hits you but does no damage.
The gnoll barely misses you.
The gnoll hits you with a spear of flaming.
The gnoll burns you.
Gunter174's ghost screams, "Zot is a myth, the ORB is a fable, you'll soon be a tale!"
The gnoll hits you but does no damage. The gnoll barely misses you.
The gnoll barely misses you.
The gnoll hits you with a spear of flaming.
The gnoll burns you.
* * * LOW HITPOINT WARNING * * *
The gnoll hits you with a spear of flaming!
* * * LOW HITPOINT WARNING * * *
The gnoll burns you.
* * * LOW HITPOINT WARNING * * *
The gnoll hits you with a spear of flaming!
You die...

#g#g#####g#
#.#
#(#.gg....#
..#
#.#########
####
#.#.W.....#
#(#.#####.#
#.#.#....<#
#.#.....#.#
#.#######.#
#....gWg@.#
#(#########
###


You could see Gunter174's ghost and 2 gnolls.

Vanquished Creatures
  An orc priest (D:3)
  Crazy Yiuf (D:2)
  3 adders (D:2)
  3 worms
  A dart slug (D:1)
  A leopard gecko (D:2)
  4 orcs (D:3)
  9 bats
  8 giant cockroaches
  7 hobgoblins
  4 jackals (D:1)
  6 kobolds
  2 quokkas (D:2)
  A ball python (D:3)
  3 frilled lizards
  5 goblins
  A quokka skeleton (D:3)
  8 rats
68 creatures vanquished.

Notes
Turn   | Place    | Note
-------+----------+-------------------------------------------
     0 | D:1      | NullDivider the Centaur Arcane Marksman began the quest for the Orb.
     0 | D:1      | Reached XP level 1. HP: 16/16 MP: 2/2
    70 | D:1      | Reached skill level 3 in Bows
    75 | D:1      | Reached XP level 2. HP: 6/23 MP: 3/3
   621 | D:1      | Reached skill level 1 in Unarmed Combat
   969 | D:1      | Reached XP level 3. HP: 29/29 MP: 4/4
  1728 | D:2      | Reached skill level 4 in Bows
  1728 | D:2      | Reached XP level 4. HP: 37/37 MP: 5/5
  1962 | D:2      | Found a sparkling altar of Nemelex Xobeh.
  2274 | D:2      | Found a runed door.
  2278 | D:2      | Noticed Crazy Yiuf
  2296 | D:2      | Killed Crazy Yiuf
  2609 | D:3      | Reached XP level 5. HP: 34/45 MP: 6/6
  2795 | D:3      | Noticed Gunter174's ghost (amateur MiFi)
  3078 | D:3      | Slain by a gnoll

Skill      XL: |  1  2  3  4 |
---------------+-------------+-----
Bows           | 3 4 |  4.7
Unarmed Combat | 1 2 |  2.6
Fighting       | 2 3 |  3.0
Dodging        | |  1.3
Spellcasting   | |  1.0
Hexes          | |  2.6

Action                   |  1- 3 |  4- 6 || total
-------------------------+-------+-------++-------
Melee: Unarmed           |     5 |       ||     5
       Shortbow          |     1 |     1 ||     2
       Kick              |     1 |       ||     1
 Fire: Shortbow          |   171 |   122 ||   293
  Eat: Chunk             |     1 |     3 ||     4
Armor: Robe              |    30 |    19 ||    49
Dodge: Dodged            |    50 |    21 ||    71
